 Dungeon Crawl Stone Soup version 0.21-a0-633-g4c047d5 (webtiles) character file.

116 KristoblXynda the Charmwright (level 4, -3/22 HPs)
             Began as a Spriggan Skald on Dec 28, 2017.
             Killed by divine providence
             ... invoked by an orc priest
              (11 damage)
             ... on level 3 of the Dungeon.
             The game lasted 00:04:38 (2846 turns).

KristoblXynda the Charmwright (Spriggan Skald)      Turns: 2846, Time: 00:04:39

Health: -3/22      AC:  2    Str:  8    XL:     4   Next: 69%
Magic:  10/10      EV: 20    Int: 14    God:
Gold:   83         SH:  0    Dex: 15    Spells: 3/10 levels left

rFire    . . .     SeeInvis +   f - +0 dagger (drain)
rCold    . . .     Gourm    .   (shield restricted)
rNeg     . . .     Faith    .   b - +0 robe
rPois    .         Spirit   .   (helmet restricted)
rElec    .         Reflect  .   (no cloak)
rCorr    .         Harm     .   (gloves unavailable)
MR       .....                  (boots unavailable)
Stlth    +.........             (no amulet)
HPRegen  0.07/turn              (no ring)
MPRegen  0.12/turn              (no ring)

@: lethally poisoned (-3 -> -20), very quick
A: very small, unfitting armour, see invisible, herbivore, speed 3, slow
metabolism 2
a: no special abilities


You were on level 3 of the Dungeon.
You were hungry.

You visited 1 branch of the dungeon, and saw 3 of its levels.

You collected 83 gold pieces.

Inventory:

Hand Weapons
 f - a +0 dagger of draining (weapon)
Armour
 b - a +0 robe (worn)
Scrolls
 a - a scroll of enchant armour {unknown}
 g - 2 scrolls of enchant weapon {unknown}
 h - a scroll of teleportation {unknown}
 k - a scroll of remove curse {unknown}
Potions
 e - a potion of haste
 i - a potion of flight {unknown}
 j - a potion of heal wounds {unknown}
Books
 c - a book of Battle

   Spells                             Type                      Level
   a - Infusion                       Charms                       1
   b - Shroud of Golubria             Charms/Translocation         2
   c - Song of Slaying                Charms                       2
   d - Spectral Weapon                Hexes/Charms                 3
   e - Regeneration                   Charms/Necromancy            3
Comestibles
 d - 8 rations


   Skills:
 - Level 1.5 Fighting
 + Level 3.3 Short Blades
 + Level 4.8 Dodging
 + Level 3.7 Spellcasting
 + Level 5.5 Charms


You had 3 spell levels left.
You knew the following spells:

 Your Spells              Type           Power        Failure   Level  Hunger
a - Infusion              Chrm           ###.         1%          1    None
b - Regeneration          Chrm/Necr      ##........   19%         3    ###....
c - Spectral Weapon       Hex/Chrm       ##......     19%         3    ###....


Dungeon Overview and Level Annotations

Branches:
Dungeon (3/15)

Altars:


Innate Abilities, Weirdness & Mutations

You are very small and have problems with some larger weapons.
You are too small for most types of armour.
You have supernaturally acute eyesight. (SInv)
You are a herbivore.
You cover ground extremely quickly.
You need consume almost no food.


Message History

You see here a yellow potion.
An orc and an orc priest come into view.
The orc shouts! x2; The orc priest shouts!
You hit the orc.
The orc is heavily wounded.
The orc misses you.
An adder comes into view.
The adder hisses angrily.
You hit the orc.
You kill the orc!
The orc throws a poisoned tomahawk.
The poisoned tomahawk hits you.
You are lethally poisoned!
You feel sick.
Things that are here:
a scale mail; an orc corpse You feel sick.
The orc priest calls down the wrath of Beogh upon you.
Beogh smites you!
Ouch! That really hurt!
You die...

#.# ##
#.####### # #
#........ ##.#
# #..#####.
#PP# . #.
#..#####. #..#
..##.##!.......
#..#
(.........#.##.
##P#
..##........##.
# #
.....#.@.......
### #
..#####[#######
#.### . #.#
#.... #.# #.###
#S# #########.#


oo. #.......#.## ... #.#####..#.# ... #.#.## ..... #.### You could see an orc
priest, an adder and an orc.

Vanquished Creatures
  A worker ant (D:2)
  2 adders (D:2)
  An ooze (D:1)
  A worm (D:2)
  2 dart slugs (D:1)
  2 leopard geckos
  2 orcs (D:3)
  3 giant cockroaches (D:2)
  4 goblins
  9 hobgoblins
  2 jackals (D:1)
  6 kobolds
  2 quokkas (D:2)
  7 bats
  6 frilled lizards
  6 rats
56 creatures vanquished.

Notes
Turn   | Place    | Note
-------+----------+-------------------------------------------
     0 | D:1      | KristoblXynda the Spriggan Skald began the quest for the Orb.
     0 | D:1      | Reached XP level 1. HP: 10/10 MP: 5/5
   328 | D:1      | Reached XP level 2. HP: 14/14 MP: 6/6
   736 | D:1      | Reached XP level 3. HP: 12/18 MP: 8/8
   749 | D:1      | Learned a level 3 spell: Regeneration
   753 | D:1      | Learned a level 3 spell: Spectral Weapon
   777 | D:1      | Reached skill level 5 in Charms
  1794 | D:2      | Reached XP level 4. HP: 19/22 MP: 5/10
  2846 | D:3      | Killed from afar by an orc priest

Vault maps used:
D:1:      minmay_arrival_shattered_statue
D:2:      first_ration
D:3:      serial_aquarium, aquarium_bridge_square, aquarium_window_1,
          aquarium_window_corner, aquarium_window_1, aquarium_view_2e,
          aquarium_view_4, uniq_jessica

Skill      XL: |  1  2  3 |
---------------+----------+-----
Spellcasting   | 3 |  3.7
Dodging        | 4 |  4.8
Charms         | 5 |  5.5
Short Blades   | 3 |  3.3
Fighting       | |  1.5

Action                   |  1- 3 |  4- 6 || total
-------------------------+-------+-------++-------
Melee: Short sword       |    48 |       ||    48
       Dagger            |   119 |    79 ||   198
 Cast: Infusion          |     6 |     1 ||     7
       Regeneration      |     2 |       ||     2
  Use: Potion            |     2 |       ||     2
       Scroll            |     3 |       ||     3
 Stab: Sleeping          |     1 |     1 ||     2
Armor: Robe              |    19 |     1 ||    20
Dodge: Dodged            |   152 |    48 ||   200

Table legend:
 A = Spawn XP
 B = Non-spawn XP
 C = Spawn XP percentage of total XP
 D = Spawn monster count
 E = Non-spawn monster count
 F = Spawn count percentage of total count
 G = Total turns spent on level
                    A         B        C        D         E        F      G
               +---------+---------+-------+---------+---------+-------+---------
         Total |       0 |     166 |   0.0 |       0 |      56 |   0.0 |  2846
               +---------+---------+-------+---------+---------+-------+---------
           D:1 |       0 |      60 |   0.0 |       0 |      28 |   0.0 |  1394
           D:2 |       0 |      95 |   0.0 |       0 |      24 |   0.0 |  1369
           D:3 |       0 |      11 |   0.0 |       0 |       4 |   0.0 |    83
               +---------+---------+-------+---------+---------+-------+---------
